 Seeded DCSS version 0.28.0-53-g5a82cb258f (webtiles) character file.

Game seed: 1837919985996116165 (custom seed)

35 bwicke the Changer (level 3, -2/23 HPs)
             Began as an Octopode Transmuter on July 8, 2022.
             Slain by a gnoll
             ... wielding a +0 halberd
              (10 damage)
             ... on level 2 of the Dungeon.
             The game lasted 00:03:49 (1798 turns).

bwicke the Changer (Octopode Transmuter)            Turns: 1798, Time: 00:03:50

Health: -2/23      AC:  1    Str:  9    XL:     3   Next: 35%
Magic:  6/6        EV: 10    Int: 17    God:
Gold:   91         SH:  0    Dex: 12    Spells: 3/6 levels left

rFire   . . .      SeeInvis +   d - +0 dagger
rCold   . . .      Faith    .   (no shield)
rNeg    . . .      Spirit   .   (helmet currently unavailable)
rPois   .          Reflect  .   (no amulet)
rElec   .          Harm     .   c - ring of see invisible
rCorr   .          Rampage  .   (no ring)
Will    .....                   (no ring)
Stlth   ++........              (no ring)
HPRegen 0.07/turn               (no ring)
MPRegen 0.10/turn               (no ring)
                                (no ring)
                                (no ring)

@: appendages, constricted
A: tentacle spike 3, almost no armour, amphibious, 8 rings, camouflage 1,
gelatinous body 1, (nimble swimmer 1), tentacles
a: End Transformation


You were on level 2 of the Dungeon.
One of your tentacles had grown a beastly spike.
You visited 1 branch of the dungeon, and saw 2 of its levels.

You collected 91 gold pieces.

Inventory:

Hand Weapons
 d - a +0 dagger (weapon)
 j - a +0 spear
Missiles
 a - 45 stones
 e - 6 curare-tipped darts
 g - 26 arrows
 i - 5 atropa-tipped darts
Magical Staves
 f - a staff of conjuration
Jewellery
 c - a ring of see invisible (left tentacle)
Scrolls
 h - a scroll of fear {unknown}
Potions
 k - a potion of attraction {unknown}


   Skills:
 - Level 1.0 Fighting
 - Level 2.0 Dodging
 - Level 3.0 Unarmed Combat
 - Level 2.0 Spellcasting
 + Level 3.7 Transmutations


You had 3 spell levels left.
You knew the following spells:

 Your Spells              Type           Power      Damage    Failure   Level
a - Beastly Appendage     Tmut           28%        N/A       4%          1
b - Wereblood             Tmut           14%        N/A       6%          2

Your spell library contained the following spells:

 Spells                   Type           Power      Damage    Failure   Level
 Spider Form              Tmut/Pois      8%         N/A       26%         3
 Ice Form                 Ice/Tmut       8%         N/A       65%         4


Dungeon Overview and Level Annotations

Branches:
Dungeon (2/15)

Altars:


Innate Abilities, Weirdness & Mutations

One of your tentacles has grown a beastly spike.
You cannot wear most types of armour.
You are amphibious.
You can wear up to eight rings at the same time.
Your skin changes colour to match your surroundings (Stealth+).
Your rubbery body absorbs attacks. (AC +1, EV +1)
((You are camouflaged when in or above water. (Stealth+)))
You have tentacles for arms and can constrict up to eight enemies at once.


Message History

Unknown command.
You barely miss the bat. You grab the bat. You squeeze the bat.
You kill the bat!
Casting: Beastly Appendage (safe; 4% risk of failure)
Press: ? - help, Q - select action, (/) - cycle Dir - look around, f - activate One of your tentacles grows a vicious spike.
You hit the ball python but do no damage.
Your grab misses the ball python. The ball python closely misses you.
The ball python misses you. x2; The ball python grabs you.
The ball python constricts you.
You barely miss the ball python. Your grab misses the ball python.
Your squeeze misses the ball python. The ball python bites you.
The ball python constricts you.
You closely miss the ball python. Your grab misses the ball python.
You pierce the ball python.
The ball python is severely wounded.
The gnoll closely misses you. The ball python bites you.
The ball python constricts you.
You hit the ball python.
You kill the ball python!
The gnoll hits you from afar with a +0 halberd.
You hit the goblin. You grab the goblin.
You pierce the goblin.
You kill the goblin!
The gnoll hits you from afar with a +0 halberd.
The gnoll barely misses you.
Things that are here:
a +0 club; a bat corpse The ball python hisses angrily.
You hit the gnoll but do no damage. You grab the gnoll.
You pierce the gnoll, but do no damage.
You constrict the gnoll, but do no damage.
The gnoll misses you.
You hit the gnoll but do no damage. You constrict the gnoll.
The ball python barely misses you. The ball python closely misses you.
The gnoll hits you with a +0 halberd.
* * * LOW HITPOINT WARNING * * *
It was a potion of curing.
You feel better.
You constrict the gnoll. The ball python misses you. The ball python grabs you.
The ball python constricts you. The gnoll hits you with a +0 halberd!
You die...

..## ##.#.. #. ##...
..#.# #.# ## ...#
#.#†##.## ##.###..#
#.#...### #(..#...#
######........
#.....###............#
###....................
#....gS....####.#......
###..#@##### #..#......
#.S #.# #......... ...
#.# #..#.##... ... #.#
#.#..##... ## ...
.......... #.# ....#.
#.# .....#. #.. .......
### .# .


You could see a gnoll and a ball python.

Vanquished Creatures
  2 dart slugs
  An endoplasm (D:1)
  2 giant cockroaches (D:1)
  4 goblins
  2 hobgoblins (D:1)
  A quokka (D:1)
  5 ball pythons
  5 bats
  A frilled lizard (D:2)
  4 kobolds (D:1)
  5 rats
32 creatures vanquished.

Notes
Turn   | Place    | Note
-------+----------+-------------------------------------------
     0 | D:1      | bwicke the Octopode Transmuter began the quest for the Orb.
     0 | D:1      | Reached XP level 1. HP: 13/13 MP: 3/3
   454 | D:1      | Reached XP level 2. HP: 11/18 MP: 5/5
  1550 | D:1      | Reached XP level 3. HP: 23/23 MP: 6/6
  1553 | D:1      | Learned a level 2 spell: Wereblood
  1798 | D:2      | Slain by a gnoll

Illustrated notes

Levels and vault maps discovered:
D:1:      psy_arrival_terrarium, layout_basic
D:2:      layout_loops_ring, hangedman_abyss_or_decor_lesser_grid,
          minmay_between, uniq_crazy_yiuf_cottage

Skill      XL: |  1  2 |
---------------+-------+-----
Transmutations | 3 |  3.7
Fighting       | |  1.0
Dodging        | |  2.0
Unarmed Combat | |  3.0
Spellcasting   | |  2.0

Action                   || total
-------------------------++-------
Melee: Unarmed           ||    38
       Constrict         ||    16
       Kick              ||     9
       Tentacles         ||     9
       Dagger            ||    23
 Cast: Beastly Appendage ||    10
  Use: Potion            ||     1
 Stab: Sleeping          ||     7
Armor: Skin              ||     3
Dodge: Dodged            ||    53
